 Dungeon Crawl Stone Soup version 0.24-a0-67-ga78bd38 (webtiles) character file.

Game seed: 7771490051768407322

19364 Blackhawk the Envoy of Void (level 13, -4/104 HPs)
             Began as a Formicid Abyssal Knight on Feb 5, 2019.
             Was a High Priest of Lugonu.
             Slain by a sixfirhy (9 damage)
             ... in a Gauntlet.
             The game lasted 00:29:57 (20912 turns).

Blackhawk the Envoy of Void (FoAK)                 Turns: 20912, Time: 00:29:58

Health: -4/104     AC: 12    Str: 22    XL:     13   Next: 4%
Magic:  21/21      EV: 14    Int: 12    God:    Lugonu [*****.]
Gold:   755        SH:  0    Dex: 10    Spells: 12/12 levels left

rFire    + + .     SeeInvis +   b - +2 war axe (distort)
rCold    . . .     Gourm    .   (no shield)
rNeg     . . .     Faith    .   S - +1 scale mail of the Twenty Lovers {*Contam rCorr Slay+4} (curse)
rPois    +         Spirit   .   (helmet unavailable)
rElec    +         Reflect  .   o - +0 cloak
rCorr    +         Harm     .   t - +0 pair of gloves
MR       +....                  (no boots)
Stlth    ..........             Z - amulet of the acrobat
HPRegen  0.27/turn              E - ring of fire
MPRegen  0.17/turn              y - ring of poison resistance

@: resistant
A: permanent stasis, dig shafts and tunnels, four strong arms, antennae 3
a: Dig, Shaft Self, Depart the Abyss, Bend Space, Banish, Corrupt, Enter the
Abyss, Renounce Religion


You were in a Gauntlet.
You worshipped Lugonu.
Lugonu was extremely pleased with you.
You were very hungry.

You visited 2 branches of the dungeon, and saw 15 of its levels.
You visited the Abyss 1 time.
You also visited: Gauntlet.

You collected 755 gold pieces.

Inventory:

Hand Weapons
 a - a +0 war axe of flaming
 b - a +2 war axe of distortion (weapon)
 n - a +1 dagger of venom
 B - a cursed -3 war axe
 F - a +1 hand axe
 V - a +2 mace
 W - a +0 battleaxe
Missiles
 h - 3 throwing nets
 r - 2 tomahawks (quivered)
Armour
 g - a +0 leather armour
 m - a +1 chain mail
 o - a +0 cloak (worn)
 t - a +0 pair of gloves (worn)
 S - the cursed +1 scale mail of the Twenty Lovers (worn) {*Contam rCorr Slay+4}
   (You found it on level 3 of the Lair of Beasts)

   It affects your accuracy and damage with ranged weapons and melee attacks
   (+4).
   It causes magical contamination when unequipped.
   It provides partial protection from all sources of acid and corrosion.
   It has a curse placed upon it.
 U - +0 steam dragon scales
Jewellery
 f - an uncursed ring of protection from cold
 j - an uncursed amulet of magic regeneration
 p - an uncursed ring of protection from cold
 q - a cursed ring of teleportation
 y - a ring of poison resistance (right hand)
 E - a ring of fire (left hand)
 P - an uncursed ring of protection from cold
 T - an uncursed ring of fire
 Z - an amulet of the acrobat (around neck)
Wands
 w - a wand of flame (37)
 z - a wand of disintegration (30)
 I - a wand of acid (10)
 K - a wand of paralysis (9)
 M - a wand of enslavement (20)
 N - a wand of iceblast (4)
Scrolls
 d - 3 scrolls of immolation
 D - 6 scrolls of remove curse
 H - a scroll of amnesia
 J - 2 scrolls of enchant weapon
 L - 2 scrolls of summoning
 Q - a scroll of identify
 X - a scroll of fear
Potions
 e - a potion of lignification
 i - 3 potions of curing
 l - 3 potions of flight
 s - 4 potions of haste
 u - a potion of might
 x - a potion of magic
 A - a potion of cancellation
 C - a potion of ambrosia
 G - 3 potions of agility
 Y - a potion of degeneration {unknown}
Comestibles
 c - 29 rations


   Skills:
 + Level 10.7 Fighting
 + Level 9.5 Axes
 + Level 10.4 Armour
 + Level 8.6 Dodging
 + Level 11.1 Invocations


You had 12 spell levels left.
You didn't know any spells.
Your spell library contained the following spells:

 Spells                   Type           Power        Failure   Level  Hunger
 Corona                   Hex            #......      58%         1    ##.....
 Sting                    Conj/Pois      #...         58%         1    ##.....
 Ensorcelled Hibernation  Hex/Ice        #.....       73%         2    ###....
 Poisonous Vapours        Pois/Air       #.....       73%         2    ###....
 Confuse                  Hex            #.......     91%         3    ####...
 Dazzling Spray           Conj/Hex       #.....       91%         3    ####...
 Mephitic Cloud           Conj/Pois/Air  #.......     91%         3    ####...
 Tukima's Dance           Hex            #.......     91%         3    ####...
 Olgreb's Toxic Radiance  Pois           #.......     100%        4    #####..
 Venom Bolt               Conj/Pois      #.........   100%        5    ######.


Dungeon Overview and Level Annotations

Branches:
Dungeon (10/15)            Temple (0/1) D:5            Lair (5/6) D:9
 Shoals (0/4) Lair:4        Snake (0/4) Lair:3
  Slime: Lair:5-6       Orc: D:9-12

Altars:
Ashenzari
Elyvilon
Gozag
Kikubaaqudgha
Makhleb
Nemelex Xobeh
Qazlal
Sif Muna
Zin
The Shining One

Shops:
D:4 *   D:9 :

Annotations:
Abyss:1 Harold Gauntlet 11 transporters, exclusion: 2 obsidian statues


Innate Abilities, Weirdness & Mutations

You cannot be hasted, slowed, berserked, paralysed or teleported.
You can dig through walls and to a lower floor.
Your four strong arms can wield two-handed weapons with a shield.
You have a pair of large antennae on your head. (SInv)


Message History

The sixfirhy hits you.
* * * LOW HITPOINT WARNING * * *
The sixfirhy shocks you. You resist.
* * * LOW HITPOINT WARNING * * *
The sixfirhy hits you but does no damage.
The sixfirhy barely misses you. x2
You slash the sixfirhy!
The sixfirhy is severely wounded.
You barely miss the sixfirhy.
The sixfirhy blinks!
You miss the sixfirhy.
The sixfirhy is heavily wounded.
You barely miss the sixfirhy.
The sixfirhy is moderately wounded.
The sixfirhy hits you.
* * * LOW HITPOINT WARNING * * *
The sixfirhy shocks you. You resist.
* * * LOW HITPOINT WARNING * * *
The sixfirhy hits you but does no damage.
The sixfirhy hits you!
You die...

##......#.©.#........#...#..
##.8...#.8.#...8....#.©.#..
#§.....#.©.#.....##########
##...#########...#|.≈.©?.bb
#≈...#©#.#...#...#§≈...≈.bb
##...##(.#.#.#...#h≈§...§.h
#≈...#.="#.#.#...#t§.≈§§.§.
##.8.####3.#.#.8.#bb.≈§§.≈§
#≈...#....@#.#...#bh≈..§≈§h
##...#.####3.#...#b≈.§≈.§§©
#≈...#.......#...#b§.§≈..≈.
##§..#########3..#b.§§...≈.
#≈§......©.......##########
##§8.....8.....8......©....
#≈.................∩§.8..∩.
##≈#≈#≈#≈#≈#§#≈#....§§.....
################≈#≈#§#≈#≈#


You could see 3 sixfirhies.

Vanquished Creatures
  A black mamba (Lair:3)
  7 spiny frogs
  4 komodo dragons
  A rime drake (Lair:3)
  A troll (D:9)
  15 blink frogs
  Prince Ribbit (D:9)
  8 hippogriffs
  6 yaks
  A basilisk (Lair:3)
  A steam dragon (Lair:4)
  5 water moccasins
  8 porcupines
  2 nagas (Lair:3)
  2 ice beasts
  4 ogres
  2 eyes of draining
  A necrophage (D:9)
  A phantom (D:8)
  9 centaurs
  4 crocodiles
  11 bullfrogs
  A gnoll sergeant (D:7)
  3 scorpions
  25 killer bees
  6 wights
  A howler monkey (D:5)
  3 jellies
  An electric eel (Lair:1)
  A bullfrog zombie (D:5)
  A crimson imp (D:7)
  A quasit (D:8)
  2 centaur zombies (D:7)
  2 orc priests
  2 hounds
  3 orc wizards (D:9)
  3 bullfrog skeletons
  3 iguanas
  6 worker ants
  A hound zombie (D:7)
  A hound skeleton (D:7)
  13 gnolls
  A howler monkey skeleton (D:7)
  8 adders
  A shadow imp (D:5)
  2 oozes
  An adder zombie (D:8)
  4 worms
  3 dart slugs
  3 leopard geckos
  4 orcs
  3 giant cockroaches
  6 goblins
  A hobgoblin (D:1)
  11 jackals
  7 kobolds
  A quokka (D:7)
  3 ball pythons
  6 bats
  4 frilled lizards
  2 leopard gecko zombies (D:5)
  3 rats
  3 fungi
  2 plants (Lair:4)
253 creatures vanquished.

Vanquished Creatures (others)
  A hydra (Lair:2)
  A centaur zombie (D:5)
  A spiny frog (Lair:4)
  2 rime drakes
  A hornet (D:9)
  4 blink frogs
  A hippogriff (Lair:3)
  A yak (Lair:2)
  2 wargs (D:9)
  A water moccasin (Lair:1)
  A black bear (D:6)
  An ice beast (D:7)
  A big kobold (D:7)
  3 crocodiles
  A bullfrog (Lair:4)
  2 killer bees
  A wight (D:8)
  A jelly (D:7)
  An orc priest (D:4)
  An orc wizard (D:9)
  An adder (D:4)
  An orc (D:9)
  A giant cockroach (D:3)
  A goblin (D:3)
  2 fungi
  3 plants
37 creatures vanquished.

Grand Total: 290 creatures vanquished

Notes
Turn   | Place    | Note
-------+----------+-------------------------------------------
     0 | Abyss:1  | Blackhawk the Formicid Abyssal Knight began the quest for
                  | the Orb.
     0 | Abyss:1  | Reached XP level 1. HP: 18/18 MP: 2/2
   119 | Abyss:1  | Noticed a starcursed mass
   136 | D:1      | Escaped the Abyss
   393 | D:1      | Reached skill level 1 in Dodging
   724 | D:1      | Reached XP level 2. HP: 21/24 MP: 3/3
  1249 | D:2      | Reached XP level 3. HP: 23/29 MP: 4/4
  1334 | D:2      | Reached * piety under Lugonu
  1768 | D:2      | Found an opulent altar of Gozag.
  1797 | D:2      | Reached XP level 4. HP: 37/37 MP: 6/6
  2274 | D:3      | Reached skill level 3 in Invocations
  2286 | D:3      | Reached XP level 5. HP: 18/42 MP: 7/7
  2494 | D:3      | Found a stormy altar of Qazlal.
  3711 | D:4      | Noticed an ogre
  3717 | D:4      | Killed an ogre
  3717 | D:4      | Reached XP level 6. HP: 35/49 MP: 8/8
  4295 | D:4      | Found a glowing silver altar of Zin.
  4302 | D:4      | Found Zin's Purification Station.
  4367 | D:4      | Found an ancient bone altar of Kikubaaqudgha.
  4491 | D:5      | Entered Level 5 of the Dungeon
  4519 | D:5      | Noticed an ogre
  4537 | D:4      | HP: 2/49 [iguana (8)]
  4891 | D:5      | Found a staircase to the Ecumenical Temple.
  4972 | D:5      | Reached skill level 4 in Invocations
  4976 | D:5      | Reached XP level 7. HP: 41/55 MP: 10/10
  5416 | D:5      | Reached skill level 5 in Fighting
  5459 | D:5      | Reached ** piety under Lugonu
  5676 | D:5      | Found a glowing golden altar of the Shining One.
  5678 | D:5      | Found a burning altar of Makhleb.
  6185 | D:5      | Reached skill level 5 in Invocations
  6185 | D:5      | Reached XP level 8. HP: 45/63 MP: 11/11
  6315 | D:6      | Found a sparkling altar of Nemelex Xobeh.
  6372 | D:6      | Reached skill level 5 in Armour
  6967 | D:7      | Reached skill level 5 in Axes
  6967 | D:7      | Reached XP level 9. HP: 66/69 MP: 0/13
  7070 | D:7      | Reached skill level 6 in Invocations
  7256 | D:7      | Found a white marble altar of Elyvilon.
  7648 | D:7      | Reached skill level 5 in Dodging
  7847 | D:7      | Reached *** piety under Lugonu
  8080 | D:7      | Reached skill level 7 in Invocations
  8624 | D:8      | Noticed a hippogriff
  8628 | D:8      | Killed a hippogriff
  8628 | D:8      | Reached XP level 10. HP: 73/79 MP: 15/15
  8947 | D:8      | Found a deep blue altar of Sif Muna.
  9410 | D:9      | Found Ynayvyat's Book Emporium.
 10211 | D:9      | Reached skill level 8 in Invocations
 11153 | D:9      | Reached **** piety under Lugonu
 11409 | D:9      | Found a staircase to the Lair.
 12019 | D:9      | Reached XP level 11. HP: 68/87 MP: 17/17
 12293 | D:9      | Noticed Prince Ribbit
 12391 | D:9      | Killed Prince Ribbit
 12530 | D:9      | Found a shattered altar of Ashenzari.
 13021 | D:10     | Entered Level 10 of the Dungeon
 13052 | Lair:1   | Entered Level 1 of the Lair of Beasts
 13396 | Lair:1   | Reached skill level 9 in Invocations
 13965 | Lair:1   | Noticed Harold
 14130 | Lair:1   | Banished Harold
 16276 | Lair:2   | Reached skill level 10 in Invocations
 16276 | Lair:2   | Reached XP level 12. HP: 92/96 MP: 19/19
 16499 | Lair:2   | Noticed a five-headed hydra
 16502 | Lair:2   | Banished a five-headed hydra
 16607 | Lair:1   | Reached skill level 10 in Fighting
 17744 | Lair:3   | Found a staircase to the Snake Pit.
 18106 | Lair:3   | Got a heavily runed scale mail
 18218 | Lair:3   | Reached skill level 10 in Armour
 18660 | Lair:3   | Identified a scroll of acquirement
 19444 | Lair:4   | Found a staircase to the Shoals.
 19456 | Lair:4   | Reached ***** piety under Lugonu
 19828 | Lair:4   | Identified the cursed +1 scale mail of the Twenty Lovers
                  | {*Contam rCorr Slay+4} (You found it on level 3 of the Lair
                  | of Beasts)
 19992 | Lair:4   | Reached skill level 11 in Invocations
 20333 | Lair:5   | Reached XP level 13. HP: 76/104 MP: 21/21
 20448 | Lair:5   | Found a gate leading to a gauntlet.
 20545 | Gauntlet | Entered a Gauntlet
 20545 | Gauntlet | Found a transporter.
 20555 | Gauntlet | Found a transporter.
 20557 | Gauntlet | Found a transporter.
 20559 | Gauntlet | Found a transporter.
 20560 | Gauntlet | Found a transporter.
 20563 | Gauntlet | Noticed a cacodemon
 20567 | Gauntlet | Found a transporter.
 20579 | Gauntlet | Found a transporter.
 20582 | Gauntlet | Found a transporter.
 20584 | Gauntlet | Noticed a hell beast
 20608 | Gauntlet | Found a transporter.
 20616 | Gauntlet | Found a transporter.
 20632 | Gauntlet | Found a transporter.
 20656 | Gauntlet | Found a transporter.
 20912 | Gauntlet | HP: 5/104 [sixfirhy (4)]
 20912 | Gauntlet | Slain by a sixfirhy

Vault maps used:
D:1:      ebering_trefoil_twist
D:2:      nicolae_gozag_cash_rules_everything_around_me,
          kennysheep_generic_room_5
D:3:      nicolae_qazlal_general_emergency, first_ration
D:4:      nicolae_overflow_crystal_walls, zin_purify
D:5:      minmay_diamond_boxcup, grunt_temple_overflow_open,
          minmay_temple_entry_trees, chequers_big_river
D:6:      old_standard_altar
D:7:      lemuel_coloured_pillars_altar
D:8:      basic_altar
D:9:      evilmike_ruin_ashenzari, erik_lair_orcish_takeover, serial_shops,
          kennysheep_mini_moat, uniq_prince_ribbit1
D:10:     nicolae_trove_entry_path_of_doom, hangedman_stone_soup
Lair:1:   minivault_23, grunt_megastairs_3, serial_bayou_shore_a, uniq_harold
Lair:2:   serial_bayou_shore_b
Lair:3:   guppyfry_snake_entry_garden
Lair:4:   minmay_shoals_entry_centaurs, serial_bayou, serial_bayou_lake_a,
          serial_bayou_shore_b, serial_bayou_pond_e, serial_bayou_pond_c
Lair:5:   gauntlet_entry_generic, cheibrodos_lair_reptile_den,
          lemuel_fruit_fields, infiniplex_staircase_pool_2, uniq_snorg
Gauntlet: minmay_gauntlet_mixed_oops_all_seconds

Skill      XL: |  1  2  3  4  5  6  7  8  9 10 11 12 |
---------------+-------------------------------------+-----
Dodging        | 1 2 3 4 5 6 7 8 |  8.6
Invocations    | 3 4 5 7 8 10 11 | 11.1
Armour         | 3 4 5 6 8 9 10 | 10.4
Fighting       | 4 5 6 7 8 9 10 | 10.7
Axes           | 3 4 5 6 7 8 9 |  9.5

Action                   |  1- 3 |  4- 6 |  7- 9 | 10-12 | 13-15 || total
-------------------------+-------+-------+-------+-------+-------++-------
Melee: Hand axe          |   104 |    31 |       |       |       ||   135
       War axe           |       |   124 |   242 |   640 |    28 ||  1034
Invok: Depart the Abyss  |     1 |       |       |       |       ||     1
       Banish            |       |       |       |     1 |       ||     1
Evoke: Wand              |       |       |       |     2 |       ||     2
  Use: Scroll            |       |     1 |    15 |    10 |     2 ||    28
       Potion            |       |       |       |     2 |     2 ||     4
  Eat: Chunk             |     3 |     9 |     9 |    24 |     1 ||    46
       Ration            |       |       |     1 |     4 |       ||     5
Armor: Leather armour    |    39 |     4 |       |       |       ||    43
       Chain mail        |       |    54 |   139 |   435 |       ||   628
       Scale mail        |       |       |       |    14 |    18 ||    32
Dodge: Dodged            |    86 |    91 |   102 |   475 |    27 ||   781

Table legend:
 A = Non-vault XP
 B = Vault XP
 C = Vault XP percentage of total XP
 D = Non-vault monster count
 E = Vault monster count
 F = Vault count percentage of total count
                 A         B        C        D         E       F
            +---------+---------+-------+---------+---------+-------
      Total |   23447 |    4216 |  15.2 |     231 |      50 |  17.8
            +---------+---------+-------+---------+---------+-------
        D:1 |      19 |       0 |   0.0 |      11 |       0 |   0.0
        D:2 |      63 |      10 |  13.7 |      18 |       3 |  14.3
        D:3 |     133 |       0 |   0.0 |      20 |       0 |   0.0
        D:4 |     216 |       0 |   0.0 |      10 |       0 |   0.0
        D:5 |     738 |     187 |  20.2 |      14 |       5 |  26.3
        D:6 |     431 |       0 |   0.0 |       7 |       0 |   0.0
        D:7 |    1934 |       0 |   0.0 |      39 |       0 |   0.0
        D:8 |    1165 |     505 |  30.2 |      20 |       8 |  28.6
        D:9 |    1514 |    1634 |  51.9 |      13 |      26 |  66.7
     Lair:1 |    5211 |    1143 |  18.0 |      24 |       2 |   7.7
     Lair:2 |    4672 |       0 |   0.0 |      22 |       0 |   0.0
     Lair:3 |    2840 |     297 |   9.5 |      13 |       2 |  13.3
     Lair:4 |    3277 |     440 |  11.8 |      15 |       4 |  21.1
     Lair:5 |    1234 |       0 |   0.0 |       5 |       0 |   0.0
            +---------+---------+-------+---------+---------+-------
